 Dungeon Crawl Stone Soup version 0.22-b1-26-g9dbaab1 (webtiles) character file.

470 MTVSty1e the Cleaver (level 6, -2/51 HPs)
             Began as a Minotaur Fighter on Aug 7, 2018.
             Was an Initiate of Okawaru.
             Slain by a sky beast (6 damage)
             ... on level 3 of the Dungeon.
             The game lasted 00:03:39 (3222 turns).

MTVSty1e the Cleaver (Minotaur Fighter)             Turns: 3222, Time: 00:03:40

Health: -2/51      AC:  6    Str: 22    XL:     6   Next: 82%
Magic:  5/5        EV:  7    Int:  5    God:    Okawaru [......]
Gold:   175        SH:  9    Dex: 10    Spells: 5/5 levels left

rFire    . . .     SeeInvis .   a - +0 war axe
rCold    . . .     Gourm    .   c - +0 shield
rNeg     . . .     Faith    .   b - +0 scale mail
rPois    .         Spirit   .   (helmet restricted)
rElec    .         Reflect  .   (no cloak)
rCorr    .         Harm     .   (no gloves)
MR       .....                  (no boots)
Stlth    ..........             (no amulet)
HPRegen  0.17/turn              (no ring)
MPRegen  0.09/turn              (no ring)

@: no status effects
A: retaliatory headbutt, horns 2
a: Renounce Religion


You were on level 3 of the Dungeon.
You worshipped Okawaru.
Okawaru was noncommittal.
You were not hungry.

You visited 1 branch of the dungeon, and saw 4 of its levels.

You collected 175 gold pieces.

Inventory:

Hand Weapons
 a - a +0 war axe (weapon)
Armour
 b - a +0 scale mail (worn)
 c - a +0 shield (worn)
Jewellery
 r - a cursed ring of protection from magic {unknown}
 t - an uncursed ring of stealth {unknown}
 y - an uncursed ring of magical power {unknown}
Wands
 f - a wand of disintegration (5)
Scrolls
 g - a scroll of random uselessness {unknown}
 h - 3 scrolls of identify {unknown}
 j - 2 scrolls of enchant weapon {unknown}
 p - a scroll of enchant armour {unknown}
 q - a scroll of remove curse {unknown}
 s - a scroll of blinking {unknown}
 w - a scroll of teleportation {unknown}
Potions
 d - a potion of might
 e - a potion of invisibility {unknown}
 i - 2 potions of heal wounds {unknown}
 k - a potion of berserk rage {unknown}
 l - 2 potions of magic {unknown}
 m - a potion of mutation {unknown}
 n - 2 potions of flight {unknown}
 u - a potion of brilliance {unknown}
 v - a potion of haste {unknown}
 x - a potion of degeneration {unknown}
Comestibles
 o - a ration


   Skills:
 - Level 3.6 Fighting
 * Level 9.0 Axes
 - Level 3.6 Armour
 - Level 3.6 Shields


You had 5 spell levels left.
You didn't know any spells.
Your spell library was empty.

Dungeon Overview and Level Annotations

Branches:
Dungeon (4/15)
 Temple: D:4-7

Altars:
Ashenzari
Okawaru
The Shining One


Innate Abilities, Weirdness & Mutations

You reflexively headbutt those who attack you in melee.
You have a pair of horns on your head.


Message History

The sky beast is moderately wounded.
The sky beast hits you. The sky beast shocks you.
* * * LOW HITPOINT WARNING * * *
You slash the sky beast! Your headbutt misses the sky beast.
The sky beast is severely wounded.
You block the sky beast's attack.
You closely miss the sky beast.
The sky beast is severely wounded.
The sky beast flickers out of sight!
Deactivating autopickup; reactivate with Ctrl-A.
Something hits you.
* * * LOW HITPOINT WARNING * * *
Something shocks you.
* * * LOW HITPOINT WARNING * * *
You miss something. Your headbutt misses something.
Something hits you but does no damage. x2
You miss something. You headbutt something. Something hits you.
* * * LOW HITPOINT WARNING * * *
Something shocks you.
You die...

#............# #.#
#.# #....#
#########.##.# #.#
#.# #.#.## #....#
#.# #.####.#.##
####.# #.#
#.#......## #.# #.#
#.#.##.#.##
#.######.#
#)#.##..#..
#......#.#
#)#.##.###.
#.####{#.###.....##
##
#....@.#<.......##
#
#####.)#####.....##
##
#.............###.
#############..#..
#..... #.....
######


There were no monsters in sight!

Vanquished Creatures
  An ogre (D:4)
  An orc priest (D:3)
  Ijyb (D:3)
  Terence (D:3)
  A worker ant (D:4)
  An orc wizard (D:3)
  Robin (D:3)
  5 gnolls
  7 adders
  4 worms
  5 dart slugs
  6 leopard geckos
  4 orcs (D:3)
  3 giant cockroaches
  17 goblins
  10 hobgoblins
  8 jackals
  8 kobolds
  A ball python (D:1)
  13 bats
  6 frilled lizards
  6 rats
110 creatures vanquished.

Notes
Turn   | Place    | Note
-------+----------+-------------------------------------------
     0 | D:1      | MTVSty1e the Minotaur Fighter began the quest for the Orb.
     0 | D:1      | Reached XP level 1. HP: 19/19 MP: 0/0
    49 | D:1      | Reached skill level 3 in Axes
    54 | D:1      | Reached XP level 2. HP: 26/26 MP: 1/1
   182 | D:1      | Reached skill level 4 in Axes
   486 | D:1      | Reached XP level 3. HP: 31/31 MP: 2/2
   996 | D:2      | Reached skill level 5 in Axes
  1240 | D:2      | Reached XP level 4. HP: 34/39 MP: 3/3
  1535 | D:2      | Reached skill level 6 in Axes
  1821 | D:2      | Reached XP level 5. HP: 44/45 MP: 4/4
  2112 | D:3      | Noticed Ijyb
  2121 | D:3      | Killed Ijyb
  2220 | D:3      | Reached skill level 7 in Axes
  2536 | D:3      | Noticed Robin
  2547 | D:3      | Killed Robin
  2547 | D:3      | Reached XP level 6. HP: 26/51 MP: 5/5
  2805 | D:3      | Noticed Terence
  2822 | D:3      | Killed Terence
  2822 | D:3      | Reached skill level 8 in Axes
  2943 | D:3      | Found an iron altar of Okawaru.
  2963 | D:3      | Became a worshipper of Warmaster Okawaru
  3142 | D:4      | Reached skill level 9 in Axes
  3202 | D:4      | Found a shattered altar of Ashenzari.
  3203 | D:4      | Found a glowing golden altar of the Shining One.
  3203 | D:4      | Noticed a sky beast
  3222 | D:3      | Slain by a sky beast

Skill      XL: |  1  2  3  4  5  6 |
---------------+-------------------+-----
Axes           | 3 4 5 6 7 9 |  9.0
Fighting       | |  3.6
Armour         | |  3.6
Shields        | |  3.6

Action                   |  1- 3 |  4- 6 || total
-------------------------+-------+-------++-------
Melee: War axe           |    87 |   179 ||   266
       Headbutt          |     8 |    34 ||    42
  Use: Potion            |       |     1 ||     1
  Eat: Chunk             |     1 |     2 ||     3
       Ration            |       |     2 ||     2
Armor: Scale mail        |    34 |    66 ||   100
Dodge: Dodged            |    35 |    45 ||    80
Block: Shield            |    44 |    86 ||   130
